 Dungeon Sprint DCSS version 0.22.1-2-g9c5b331 (webtiles) character file.

70 diana the Sneak (level 3, -1/28 HPs)
             Began as a Demigod Enchanter on Dec 22, 2018.
             Drowned by a water elemental (6 damage)
             ... in the Dungeon (Sprint III: "The Ten Rune Challenge").
             The game lasted 00:01:42 (298 turns).

diana the Sneak (Demigod Enchanter)                  Turns: 298, Time: 00:01:42

Health: -1/28      AC:  4    Str: 11    XL:     3   Next: 76%
Magic:  10/10      EV: 12    Int: 19    God:
Gold:   18         SH:  0    Dex: 18    Spells: 8/9 levels left

rFire    . . .     SeeInvis .   a - +1 dagger
rCold    . . .     Gourm    .   (no shield)
rNeg     . . .     Faith    .   b - +0 robe
rPois    .         Spirit   .   (no helmet)
rElec    .         Reflect  .   (no cloak)
rCorr    .         Harm     .   (no gloves)
MR       .....     NoTele   +   (no boots)
Stlth    +++.......             (no amulet)
HPRegen  0.09/turn              (no ring)
MPRegen  0.12/turn              (no ring)

@: engulfed (cannot breathe)
A: thin metallic scales 1, high mp 1, mutation resistance 1, robust 1
a: no special abilities


You were in the Dungeon.
You were not hungry.

You visited 1 branch You collected 18 gold pieces.

Inventory:

Hand Weapons
 a - a +1 dagger (weapon)
Armour
 b - a +0 robe (worn)
Scrolls
 c - a scroll of enchant weapon {unknown}
 i - 2 scrolls of holy word {unknown}
 j - a scroll of blinking
 k - 3 scrolls of identify
 m - 2 scrolls of remove curse {unknown}
Potions
 g - a potion of haste
 h - 2 potions of magic
 l - 2 potions of flight {unknown}
 n - a potion of invisibility {unknown}
Comestibles
 d - 3 rations


   Skills:
 + Level 3.5 Short Blades
 - Level 1.7 Dodging
 + Level 4.7 Stealth
 + Level 3.6 Spellcasting
 + Level 4.4 Hexes


You had 8 spell levels left.
You knew the following spells:

 Your Spells              Type           Power        Failure   Level  Hunger
a - Corona                Hex            ###....      2%          1    None

Your spell library contained the following spells:

 Spells                   Type           Power        Failure   Level  Hunger
 Confuse                  Hex            ###.....     7%          3    ###....
 Tukima's Dance           Hex            ###.....     7%          3    ###....
 Ensorcelled Hibernation  Hex/Ice        ##....       9%          2    ##.....
 Dazzling Spray           Conj/Hex       ##....       17%         3    ###....


Dungeon Overview and Level Annotations

Branches:
Dungeon (1/1)


Innate Abilities, Weirdness & Mutations

You have an increased reservoir of magic. (+10% MP)
You are partially covered in thin metallic scales. (AC +2)
You are somewhat resistant to further mutation.
You are robust. (+10% HP)


Message History

The water elemental is lightly damaged.
You hit the water elemental.
The water elemental is lightly damaged.
The water elemental misses you.
You hit the water elemental.
The water elemental is lightly damaged.
The water elemental hits you!
The water elemental engulfs you in water!
You hit the water elemental but do no damage.
The water elemental is lightly damaged.
Your lungs strain for air!
The water elemental barely misses you.
You hit the water elemental.
The water elemental is lightly damaged.
* * * LOW HITPOINT WARNING * * *
Your lungs strain for air!
The water elemental barely misses you.
You closely miss the water elemental.
The water elemental is lightly damaged.
You die...

▓.....#....≈.♣♣♣♣.###
▓†....#...≈≈.♣♣.♣.#..
▓.....#..≈≈≈≈.♣♣..'.⌠
▓####'#..≈≈≈≈≈≈♣♣.#..
▓(.†..#.≈≈≈≈≈≈....#.⌠
▓.....#.≈≈≈≈≈.....#..
▓.....#.≈≈≈.......#+#
▓'#####...........#
▓...@E............#
▓▓▓▓▓▓▓▓▓▓▓▓▓▓▓▓▓▓▓ *
≈≈ ,, , ≈ * , ≈ ≈ ≈+
, ≈ ≈ * *


You could see a water elemental.

Vanquished Creatures
  A scorpion (D)
  A human (D)
  4 rats (D)
6 creatures vanquished.

Vanquished Creatures (others)
  2 draconian scorchers (D)
  3 hellions (D)
  A yaktaur (D)
6 creatures vanquished.

Grand Total: 12 creatures vanquished

Notes
Turn   | Place    | Note
-------+----------+-------------------------------------------
     0 | D        | diana the Demigod Enchanter began the quest for the Orb.
     0 | D        | Reached XP level 1. HP: 14/14 MP: 5/5
     4 | D        | Reached skill level 1 in Short Blades
    31 | D        | Noticed a scorpion
    31 | D        | Killed a yaktaur
    51 | D        | Killed a scorpion
    51 | D        | Reached XP level 2. HP: 18/20 MP: 6/9
    51 | D        | Reached XP level 3. HP: 24/26 MP: 6/10
    79 | D        | Gained mutation: You have a pair of small horns on your
                  | head. [potion of mutation]
    79 | D        | Gained mutation: You are dopey. (Int -2) [potion of
                  | mutation]
    79 | D        | Gained mutation: Your spells are a little easier to cast,
                  | but a little less powerful. [potion of mutation]
    79 | D        | Gained mutation: Your flesh is cold resistant. (rC+)
                  | [potion of mutation]
    80 | D        | Lost mutation: You have a pair of small horns on your head.
                  | [potion of mutation]
    80 | D        | Lost mutation: Your flesh is cold resistant. (rC+) [potion
                  | of mutation]
    80 | D        | Gained mutation: You passively map a small area around you.
                  | [potion of mutation]
    80 | D        | Gained mutation: You occasionally shout uncontrollably at
                  | your foes. [potion of mutation]
    80 | D        | Gained mutation: You have sharp toenails. [potion of
                  | mutation]
    80 | D        | Gained mutation: You passively map the area around you.
                  | [potion of mutation]
    81 | D        | Lost mutation: You have sharp toenails. [potion of
                  | mutation]
    81 | D        | Lost mutation: You occasionally shout uncontrollably at
                  | your foes. [potion of mutation]
    81 | D        | Lost mutation: You are dopey. (Int -2) [potion of mutation]
    81 | D        | Lost mutation: You passively map the area around you.
                  | [potion of mutation]
    81 | D        | Gained mutation: You are partially covered in thin metallic
                  | scales. (AC +2) [potion of mutation]
    81 | D        | Gained mutation: Your muscles are strong. (Str +2) [potion
                  | of mutation]
    82 | D        | Lost mutation: Your spells are a little easier to cast, but
                  | a little less powerful. [potion of mutation]
    82 | D        | Lost mutation: You passively map a small area around you.
                  | [potion of mutation]
    82 | D        | Lost mutation: Your muscles are strong. (Str +2) [potion of
                  | mutation]
    82 | D        | Gained mutation: You are robust. (+10% HP) [potion of
                  | mutation]
    82 | D        | Gained mutation: You are somewhat resistant to further
                  | mutation. [potion of mutation]
    95 | D        | Killed a hellion
   107 | D        | Killed a hellion
   140 | D        | Killed a white draconian scorcher
   177 | D        | Killed a white draconian scorcher
   204 | D        | Killed a hellion
   271 | D        | Noticed a water elemental
   298 | D        | Drowned by a water elemental

Skill      XL: |  1 |
---------------+----+-----
Short Blades   | 3 |  3.5
Spellcasting   | 3 |  3.6
Stealth        | 4 |  4.7
Hexes          | 4 |  4.4
Dodging        | |  1.7

Action                   || total
-------------------------++-------
Melee: Dagger            ||    30
  Use: Potion            ||     7
 Stab: Sleeping          ||     2
Dodge: Dodged            ||    11
